 Dungeon Crawl Stone Soup version 0.31-a0-968-g24f9ace8b5 (webtiles) character file.

Game seed: 7308803434992717884

1895 lunkers the Martial Artist (level 9, -2/70 HPs)
             Began as a Meteoran Shapeshifter on Oct 27, 2023.
             Was a Priest of Okawaru.
             Slain by an iguana (12 damage)
             ... on level 6 of the Dungeon.
             The game lasted 00:07:51 (2460 turns).

lunkers the Martial Artist (Meteoran Shapeshifter)  Turns: 2460, Time: 00:07:52

Health: -2/70      AC:  8    Str: 16    XL:     9   Next: 64%
Magic:  13/13      EV: 13    Int: 17    God:    Okawaru [***...]
Gold:   343        SH:  0    Dex: 18    Spells: 8/8 levels left

rFire   . .          .
                       - Unarmed
rCold   . . .        (shield currently unavailable)
rNeg    . . .        q - +0 ring mail of Tender Moments {rElec Int+5}
rPois   +            (no helmet)
rElec   +            (no cloak)
rCorr   .            h - +0 pair of gloves
SInv    .            s - +1 pair of boots "Fema" {rPois Slay+2}
Will    +....        (no amulet)
Stlth   +            (no ring)
HPRegen 0.31/turn    (no ring)
MPRegen 0.13/turn

%: no passive effects
@: flux-form, glowing
A: glow, contaminating, reduced hp, sense surroundings 2, otherworldly, glowing,
explore regen
a: Begin Untransformation, Renounce Religion, Heroism


You were on level 6 of the Dungeon.
You worshipped Okawaru.
Okawaru was most pleased with you.
You were something dangerously unstable.
You visited 1 branch of the dungeon, and saw 6 of its levels.
You also visited: Ossuary.

You collected 343 gold pieces.

Inventory:

Armour
 h - a +0 pair of gloves (worn)
 q - the +0 ring mail of Tender Moments (worn) {rElec Int+5}
   (You found it on level 3 of the Dungeon)

   Int+5:     It affects your intelligence (+5).
   rElec:     It insulates you from electricity.
 s - the +1 pair of boots "Fema" (worn) {rPois Slay+2}
   (You found it on level 4 of the Dungeon)

   Slay+2:    It affects your accuracy & damage with ranged weapons and melee
   (+2).
   rPois:     It protects you from poison
Talismans
 c - a beast talisman
 d - a flux talisman (active)
Wands
 a - a wand of roots (9)
 k - a wand of mindburst (26)
Scrolls
 e - 4 scrolls of teleportation
 i - 2 scrolls of enchant weapon
 l - a scroll of revelation
 w - a scroll of immolation
Potions
 b - 3 potions of lignification
 f - a potion of berserk rage {unknown}
 g - 3 potions of brilliance
 j - a potion of magic {unknown}
 m - 5 potions of haste
 o - 2 potions of cancellation
 p - a potion of attraction {unknown}
 r - 2 potions of ambrosia {unknown}
 u - a potion of might {unknown}
 v - a potion of curing {unknown}


   Skills:
 + Level 4.5 Fighting
 + Level 5.0 Dodging
 * Level 9.7 Unarmed Combat
 + Level 5.1 Invocations
 + Level 6.7 Shapeshifting


You had 8 spell levels left.
You didn't know any spells.
Your spell library contained the following spells:

 Spells                   Type           Power      Damage    Failure   Level
 Magic Dart               Conj           0%         1d3       41%         1
 Searing Ray              Conj           0%         2d4       56%         2
 Dazzling Flash           Conj/Hex       0%         N/A       80%         3
 Volatile Blastmotes      Fire/Tloc      0%         2d10      80%         3
 Fulminant Prism          Conj/Hex       0%         3d5       99%         4
 Starburst                Conj/Fire      0%         6d3       100%        6
 Maxwell's Capacitive Co  Air            0%         ∞         100%        8


Dungeon Overview and Level Annotations

Branches:
Dungeon (6/15) Zot: 1551   Temple (0/1) D:6         Ossuary (visited)

Altars:
Kikubaaqudgha
Okawaru
Sif Muna
Uskayaw
Vehumet

Annotations:
D:3 gelatine's ghost, amateur DsSh


Innate Abilities, Weirdness & Mutations

You are something dangerously unstable.
You glow with magical radiation, making you easy to see and hit.
Foes you strike become dangerously contaminated with magical radiation.
Your maximum health is decreased, since you lack skill for your form.
You are incapable of wielding weapons or throwing items.
You passively map the area around you.
You are easily found by Zot.
You glow in the dark.
You regain HP and MP as you explore.


Message History

The orc warrior hits you with a +0 broad axe.
You barely miss the orc warrior.
The orc warrior hits you with a +0 broad axe.
* * * LOW HITPOINT WARNING * * *
You hit the orc warrior but do no damage.
The orc warrior begins to glow.
The orc warrior hits you with a +0 broad axe!
* * * LOW HITPOINT WARNING * * *
You barely miss the orc warrior. You closely miss the orc warrior.
The orc warrior hits you but does no damage.
You barely miss the orc warrior.
The orc warrior hits you with a +0 broad axe!
* * * LOW HITPOINT WARNING * * *
You hit the orc warrior.
The orc warrior glows dangerously bright.
The orc warrior is moderately wounded.
The orc warrior barely misses you.
You hit the orc warrior.
The orc warrior shudders as magic cascades through it!
The orc warrior twists and deforms.
The orc warrior is almost dead.
The orc warrior hits you with a +0 broad axe!
* * * LOW HITPOINT WARNING * * *
You hit the orc warrior.
You kill the orc warrior!
Okawaru accepts your kill.
Your Dodging skill increases to level 5!
You punch the orc!
You kill the orc!
Okawaru accepts your kill. The orc wizard casts a spell at you.
The puff of flame misses you.
You hit the iguana but do no damage.
The iguana begins to glow.
The iguana bites you but does no damage.
The white imp lashes its tail.
You hit the iguana.
The iguana glows dangerously bright.
The iguana is lightly wounded.
The iguana bites you!
You die...

♣..♣
####.###
♣.♣♣ #.#
♣ ♣.♣♣
#.# ♣
♣♣.♣ #.#
♣♣ ♣.♣♣
*,* #.#
.♣ ♣..♣
#.# .♣
♣♣.♣ #)#
.♣♣ ♣♣.♣
* #.# ..♣
♣..♣ #p#
..♣♣ ♣.♣♣
#l# **
♣).♣ ♣.♣
*, 5o# ,
♣..♣♣ ♣.♣
..S.,,
♣♣..♣ ♣.♣
..... ,,
♣♣.♣♣♣.♣
#...... ,
♣.♣...♣
#...... ,
♣....(♣♣
#.....<.
,,>,*
♣♣.....♣♣
* , ,


You could see an iguana (heavy contam), an orc wizard, an adder and a white imp.

Vanquished Creatures
  The ghost of pigah the Mimic, a novice OpSh (D:6)
  A water moccasin (D:6)
  2 ice beasts (D:6)
  An orc warrior (D:6)
  2 black bears
  A phantom (D:6)
  Blork the orc (D:6)
  3 bullfrogs
  4 scorpions
  A howler monkey (D:4)
  3 iguanas (D:6)
  A mummy (Ossuary)
  8 adders
  A gnoll (D:3)
  A worm (D:2)
  A dart slug (D:3)
  6 orcs
  6 spectral bats (Ossuary)
  2 bats
  4 endoplasms
  A giant cockroach (D:1)
  3 goblins
  8 hobgoblins
  A ball python (D:1)
  3 bat simulacra (Ossuary)
  A frilled lizard (D:3)
  12 gnoll zombies (Ossuary)
  3 goblin simulacra (Ossuary)
  A goblin zombie (Ossuary)
  4 hobgoblin zombies (Ossuary)
  6 kobolds
  2 kobold simulacra (Ossuary)
  6 kobold zombies (Ossuary)
  7 orc zombies (Ossuary)
  4 rats
  3 rat simulacra (Ossuary)
  5 spectral goblins (Ossuary)
  2 spectral kobolds (Ossuary)
122 creatures vanquished.

Notes
Turn   | Place    | Note
-------+----------+-------------------------------------------
     0 | D:1      | lunkers the Meteoran Shapeshifter began the quest for the
                  | Orb.
     0 | D:1      | Reached XP level 1. HP: 16/16 MP: 2/2
   127 | D:1      | Reached XP level 2. HP: 23/23 MP: 3/3
   135 | D:1      | Reached skill level 4 in Unarmed Combat
   402 | D:2      | Reached XP level 3. HP: 24/28 MP: 4/4
   569 | D:2      | Reached XP level 4. HP: 25/35 MP: 5/5
   649 | D:3      | Reached skill level 5 in Unarmed Combat
   702 | D:3      | Noticed gelatine's ghost (amateur DsSh)
   720 | D:3      | Identified the +0 ring mail of Tender Moments {rElec Int+5}
   765 | D:3      | Found an iron altar of Okawaru.
   773 | D:3      | Became a worshipper of Warmaster Okawaru
   852 | D:3      | Reached XP level 5. HP: 33/40 MP: 6/6
   886 | D:4      | Identified the +1 pair of boots "Fema" {rPois Slay+2}
   916 | D:4      | Noticed a black bear
   922 | D:4      | Killed a black bear
   922 | D:4      | Reached * piety under Okawaru
   923 | D:4      | Reached skill level 6 in Unarmed Combat
   923 | D:4      | Reached skill level 5 in Shapeshifting
   923 | D:4      | Reached XP level 6. HP: 29/47 MP: 7/7
  1166 | D:4      | Reached skill level 1 in Invocations
  1233 | D:5      | Entered Level 5 of the Dungeon
  1233 | D:5      | Found a radiant altar of Vehumet.
  1268 | D:5      | Found a hide-covered altar of Uskayaw.
  1268 | D:5      | Found a shimmering blue altar of Sif Muna.
  1338 | D:5      | Found a sand-covered staircase.
  1347 | Ossuary  | Entered an ossuary
  1484 | Ossuary  | Reached XP level 7. HP: 40/49 MP: 9/9
  1766 | D:5      | Found an ancient bone altar of Kikubaaqudgha.
  1848 | D:5      | Reached skill level 7 in Unarmed Combat
  1918 | D:6      | Noticed pigah's ghost (novice OpSh)
  1950 | D:6      | Found a runed translucent door.
  1965 | D:6      | Killed pigah's ghost
  1965 | D:6      | Reached ** piety under Okawaru
  1966 | D:6      | Reached skill level 8 in Unarmed Combat
  1966 | D:6      | Reached XP level 8. HP: 52/63 MP: 7/11
  2013 | D:6      | Found a staircase to the Ecumenical Temple.
  2039 | D:6      | Noticed Blork the orc
  2046 | D:6      | Killed Blork the orc
  2100 | D:6      | Gained mutation: You passively map the area around you.
                  | [Meteoran growth]
  2100 | D:6      | Reached XP level 9. HP: 64/70 MP: 11/13
  2126 | D:6      | Reached *** piety under Okawaru
  2162 | D:6      | Reached skill level 9 in Unarmed Combat
  2415 | D:6      | Reached skill level 5 in Invocations
  2457 | D:6      | Reached skill level 5 in Dodging
  2460 | D:6      | Slain by an iguana

Illustrated notes

Levels and vault maps discovered:
D:1:      minmay_arrival_wavy_path, layout_basic
D:2:      layout_loops_cross, kennysheep_boxes
D:3:      layout_rooms, mainiacjoe_overflow_surrounded_room,
          gammafunk_ghost_arena, minmay_goblin_outpost
D:4:      layout_gridville, uniq_eustachio, uniq_natasha
D:5:      layout_loops_corners, mainiacjoe_overflow_six_doors_small,
          gammafunk_temple_overflow_wave, amcnicky_altar_gilded,
          mainiacjoe_overflow_alcove_4, chequers_ossuary_entry_cave
D:6:      kb_forest_paths, layout_rooms, temple_green,
          hellmonk_ghost_happy_afterlife, uniq_blork_the_orc

Skill      XL: |  1  2  3  4  5  6  7  8  9 |
---------------+----------------------------+-----
Unarmed Combat | 4 5 6 8 9 |  9.7
Shapeshifting  | 4 5 6 |  6.7
Invocations    | 1 3 4 5 |  5.1
Fighting       | 3 4 |  4.5
Dodging        | 3 4 5 |  5.0

Action                     |  1- 3 |  4- 6 |  7- 9 || total
---------------------------+-------+-------+-------++-------
  Melee: Unarmed           |    51 |   133 |   180 ||   364
         Punch             |     3 |     1 |       ||     4
 Invoke: Heroism           |       |       |     1 ||     1
    Use: Scroll            |       |       |    13 ||    13
 Armour: Animal skin       |    20 |     4 |       ||    24
         Ring mail         |       |    77 |   107 ||   184
  Dodge: Dodged            |    21 |    96 |    85 ||   202
   Form: Flux              |       |     1 |       ||     1

Table legend: (Time is in decaauts)
 A = Elapsed time spent in this place.
 B = Non-inter-level travel time spent in this place.
 C = Inter-level travel time spent in this place.
 D = Time resting spent in this place.
 E = Time spent auto-exploring this place.
 F = Levels seen in this place.
 G = Mean time per level.
                   A        B        C        D        E       F      G
               +--------+--------+--------+--------+--------+-----+--------+
         Total |   2410 |   2355 |     55 |      2 |   1616 |   7 |  344.3 |
       Dungeon |   2047 |   1992 |     55 |      0 |   1438 |   6 |  341.2 |
       Ossuary |    362 |    362 |      0 |      2 |    178 |   1 |  362.0 |
               +--------+--------+--------+--------+--------+-----+--------+

Top non-repeatable levels by time:
     D:6: 536 daAuts
     D:1: 395 daAuts
 Ossuary: 362 daAuts
     D:4: 357 daAuts
     D:5: 288 daAuts
     D:3: 244 daAuts
     D:2: 225 daAuts
